Map: Catalyst LE

Players

llllllllllll

  • Race: Zerg Zerg
  • League: Master
  • Spawn Location: 5:00

Starlord - Winner!

  • Race: Terran Terran
  • League: Master
  • Spawn Location: 11:00

VOD

Have the link to the VOD?

Description

Time

  • Played on: May 20, 2018, 10:57 p.m.
  • Length: 7:21
Show
View Real Time Build Order
Export as new Build Order

llllllllllll Zerg 

Build Orders: Hatch First 

Get SALT Encoding   

  12  0:01  Drone  
  13  0:12  Overlord  
  13  0:18  Drone  
  14  0:31  Drone x2  
  16  0:51  Hatchery  
  16  0:53  Drone  
  16  0:57  Drone  
  17  0:59  Extractor  
  16  1:14  Spawning Pool  
  16  1:17  Drone  
  16  1:22  Drone  
  17  1:32  Drone x2  
  19  1:39  Overlord  
  19  2:00  Metabolic Boost  
  19  2:01  Queen  
  19  2:06  Queen  
  23  2:09  Zergling x2  
  23  2:12  Zergling x2  
  25  2:17  Drone  
  25  2:20  Drone  
  27  2:23  Drone  
  27  2:26  Drone  
  29  2:36  Spore Crawler  
  28  2:39  Spore Crawler  
  28  2:42  Drone  
  28  2:43  Drone  
  31  2:56  Overlord  
  31  2:59  Hatchery  
  31  3:03  Overlord  
  31  3:05  Zergling x2  
  31  3:06  Zergling x2  
  31  3:08  Zergling x2  
  31  3:11  Zergling x2  
  31  3:12  Zergling x2  
  35  3:16  Zergling x2  
  35  3:17  Zergling x2  
  37  3:23  Zergling x4  
  39  3:30  Zergling x2  
  39  3:31  Zergling x4  
  39  3:33  Zergling x2  
  39  3:34  Zergling x2  
  44  3:48  Zergling x14  
  37  4:17  Zergling x6  
  37  4:18  Zergling x16  
  37  4:20  Queen  
  49  4:24  Zergling x2  
  49  4:25  Zergling x2  
  49  4:28  Zergling x2  
  49  4:31  Zergling x2  
  51  4:44  Drone x7  
  54  4:48  Drone  
  53  4:54  Drone x3  
  57  5:00  Zergling x4  
  57  5:05  Overlord  
  58  5:24  Zergling x4  
  58  5:25  Zergling x12  
  66  5:33  Baneling Nest  
  66  5:34  Drone  
  66  5:49  Evolution Chamber, Drone  
  66  5:51  Evolution Chamber, Drone  
  66  5:52  Overlord x5  
  66  5:53  Overlord  
  66  6:10  Zergling x18  
  74  6:26  Zergling x2  
  74  6:27  Zergling x16  
  83  6:39  Zergling x2  
  67  6:40  Zergling x8  
  56  6:50  Zergling x4  
  56  6:51  Zergling x2  
  56  6:53  Zergling x4  
  56  6:54  Zergling x2  
  52  7:04  Zergling x2  
Show
View Real Time Build Order
Export as new Build Order

Starlord Terran - Winner!

Build Orders: Reaper Expand 

Get SALT Encoding   

  12  0:01  SCV  
  13  0:13  SCV  
  14  0:17  Supply Depot  
  14  0:25  SCV  
  15  0:39  SCV  
  15  0:41  Barracks  
  16  0:46  Refinery  
  16  0:51  SCV  
  17  1:03  SCV  
  18  1:15  SCV  
  19  1:28  Orbital Command  
  19  1:30  Reaper  
  20  1:42  Command Center  
  20  1:52  Supply Depot  
  20  1:54  SCV  
  21  2:04  Marine  
  21  2:06  Factory  
  22  2:09  SCV  
  23  2:16  Refinery  
  23  2:21  SCV  
  24  2:23  Barracks Reactor  
  24  2:33  SCV  
  25  2:45  SCV  
  26  2:55  Orbital Command  
  26  2:56  Armory  
  27  2:58  SCV  
  29  3:05  Hellion  
  29  3:10  SCV  
  30  3:15  Factory  
  30  3:20  Barracks Reactor  
  30  3:23  Hellion  
  30  3:26  SCV  
  35  3:27  Hellion  
  35  3:29  Supply Depot  
  35  3:32  SCV  
  36  3:38  SCV  
  37  3:44  Hellion, SCV  
  42  3:49  Hellion  
  42  3:53  Supply Depot  
  35  4:15  Hellion, SCV  
  35  4:17  Hellion  
  34  4:34  SCV x2  
  34  4:37  Hellion  
  40  4:38  Hellion  
  40  4:40  Barracks Reactor  
  38  4:46  SCV  
  36  4:53  SCV  
  36  4:57  Terran Vehicle Weapons Level 1  
  36  4:58  SCV  
  38  5:06  SCV  
  39  5:10  SCV  
  39  5:12  Cyclone x2  
  46  5:18  SCV  
  47  5:21  Refinery  
  47  5:22  Refinery, SCV  
  47  5:27  Cyclone  
  51  5:29  Cyclone  
  51  5:30  SCV  
  51  5:34  SCV, Barracks Tech Lab  
  56  5:42  SCV  
  57  5:47  SCV  
  62  5:50  Hellion x2  
  62  5:56  Supply Depot  
  62  6:00  Supply Depot  
  62  6:05  Supply Depot  
  62  6:16  Factory  
  62  6:18  SCV x2  
  64  6:21  Factory  
  63  6:41  SCV x2  
  63  6:49  Hellion x3  
Tags
 
Add a new tag
Caveats
  • Supply blocks, unpowered buildings, or Contaminate may cause inaccurate times.
  • Supply counts are checked every 10 seconds.